 Dungeon Crawl Stone Soup version 0.24-a0-370-g78e9d4e317 (webtiles) character file.

Game seed: 940329507285991932

8172 HAL9000 the Slicer (level 11, -5/50 HPs)
             Began as a Vine Stalker Assassin on May 30, 2019.
             Was a Follower of Uskayaw.
             Slain by a four-headed hydra (13 damage)
             ... on level 10 of the Dungeon.
             The game lasted 00:21:59 (8924 turns).

HAL9000 the Slicer (Vine Stalker Assassin)          Turns: 8924, Time: 00:22:00

Health: -5/50      AC:  9    Str: 16    XL:     11   Next: 26%
Magic:  0/14       EV: 11    Int: 12    God:    Uskayaw [*.....]
Gold:   156        SH: 11    Dex: 19    Spells: 10/10 levels left

rFire    x . .     SeeInvis .   L - +5 rapier "Raepuit" {pain, rElec rF- Dex+3}
rCold    + . .     Gourm    .   l - +0 buckler
rNeg     . . .     Faith    .   H - +3 leather armour
rPois    +         Spirit   +   (no helmet)
rElec    +         Reflect  +   c - +0 cloak
rCorr    .         Harm     .   w - +0 pair of gloves
MR       +....                  z - +0 pair of boots
Stlth    +++.......             b - +5 amulet of reflection
HPRegen  0.56/turn              o - ring of poison resistance
MPRegen  0.14/turn              G - ring of protection from cold

@: no status effects
A: fangs 3, regeneration 1, magic shield, antimagic bite, no potion heal 3, rot
immunity
a: Stomp, Renounce Religion


You were on level 10 of the Dungeon.
You worshipped Uskayaw.
Uskayaw was noncommittal.
You were not hungry.

You visited 2 branches of the dungeon, and saw 12 of its levels.

You collected 444 gold pieces.
You spent 288 gold pieces at shops.

Inventory:

Hand Weapons
 a - a +2 dagger
 L - the +5 rapier "Raepuit" (weapon) {pain, rElec rF- Dex+3}
   (You bought it in a shop on level 6 of the Dungeon)

   In the hands of one skilled in necromantic magic, it inflicts extra damage on
   living creatures.
   It affects your dexterity (+3).
   It makes you vulnerable to fire.
   It insulates you from electricity.
 R - a +2 vampiric dagger
Missiles
 d - 36 poisoned darts
 e - 2 curare-tipped darts (quivered)
 J - 2 throwing nets
 S - 5 boomerangs
Armour
 c - a +0 cloak (worn)
 l - a +0 buckler (worn)
 w - a +0 pair of gloves (worn)
 z - a +0 pair of boots (worn)
 H - a +3 leather armour (worn)
Jewellery
 b - a +5 amulet of reflection (around neck)
 h - an uncursed ring of ice
 o - a ring of poison resistance (left hand)
 F - an uncursed ring of resist corrosion
 G - a ring of protection from cold (right hand)
 O - an uncursed amulet of harm {unknown}
Wands
 K - a wand of disintegration (18)
 N - a wand of digging (7)
 P - a wand of flame (24)
Scrolls
 i - 5 scrolls of noise {unknown}
 j - 2 scrolls of fear {unknown}
 k - 2 scrolls of teleportation {unknown}
 n - 2 scrolls of enchant armour {unknown}
 q - 2 scrolls of magic mapping {unknown}
 r - 2 scrolls of amnesia {unknown}
 s - 6 scrolls of remove curse
 t - 7 scrolls of identify {unknown}
 y - 2 scrolls of fog {unknown}
 A - a scroll of blinking {unknown}
 C - 4 scrolls of enchant weapon {unknown}
 I - a scroll of acquirement {unknown}
Potions
 g - 2 potions of flight {unknown}
 m - 4 potions of heal wounds {unknown}
 p - a potion of ambrosia {unknown}
 u - 2 potions of brilliance {unknown}
 v - a potion of might {unknown}
 x - a potion of degeneration {unknown}
 B - a potion of berserk rage {unknown}
 D - 3 potions of agility {unknown}
 E - 4 potions of curing {unknown}
 Q - a potion of cancellation {unknown}
Comestibles
 f - 22 rations
 M - 5 chunks of flesh


   Skills:
 - Level 1.7 Fighting
 - Level 14.1 Short Blades
 - Level 1.7 Throwing
 - Level 0.7 Dodging
 + Level 6.0 Stealth
 - Level 4.2 Shields
 * Level 2.6 Invocations


You had 10 spell levels left.
You didn't know any spells.
Your spell library contained the following spells:

 Spells                   Type           Power        Failure   Level  Hunger
 Animate Skeleton         Necr           N/A          38%         1    ##.....
 Apportation              Tloc           #.....       38%         1    ##.....
 Confusing Touch          Hex            #.....       38%         1    ##.....
 Shock                    Conj/Air       #...         38%         1    ##.....
 Summon Small Mammal      Summ           #...         38%         1    ##.....
 Blink                    Tloc           N/A          52%         2    ###....
 Lesser Beckoning         Tloc           #.........   77%         3    ####...
 Static Discharge         Conj/Air       #.......     77%         3    ####...
 Lightning Bolt           Conj/Air       #.........   100%        5    ######.
 Dispersal                Tloc           #.........   100%        6    #######


Dungeon Overview and Level Annotations

Branches:
Dungeon (11/15)            Temple (1/1) D:5
   Lair: D:8-11         Orc: D:9-12

Altars:
Ashenzari
Cheibriados
Dithmenos
Elyvilon
Fedhas
Gozag
Hepliaklqana
Kikubaaqudgha
Makhleb
Nemelex Xobeh
Okawaru
Qazlal
Ru
Sif Muna
Trog
Uskayaw
Vehumet
Wu Jian
Xom
Yredelemnul
Zin
The Shining One

Shops:
D:5 [   D:6 (%}}*   D:10 *

Annotations:
D:6 2 runed translucent doors, anet's ghost, novice DEWz


Innate Abilities, Weirdness & Mutations

You have razor-sharp teeth.
Your natural rate of healing is unusually fast.
When hurt, damage is shared between your health and your magic reserves.
Your bite disrupts and absorbs the magic of your enemies.
Potions cannot restore your health.
You are immune to rotting.


Message History

You see here a +0 club.
Items here: )) [ รท a +0 war axe; a +0 dagger; a +0 robe; an orc skeleton
There is a stone staircase leading up here.
The four-headed hydra barely misses you.
The four-headed hydra bites you but does no damage.
The four-headed hydra bites you! The four-headed hydra bites you.
You climb upwards.
There is a stone staircase leading down here.
Unknown command.
The four-headed hydra bites you but does no damage.
The four-headed hydra bites you. The four-headed hydra bites you!
The four-headed hydra bites you.
* * * LOW HITPOINT WARNING * * *
The four-headed hydra bites you!
* * * LOW HITPOINT WARNING * * *
The four-headed hydra closely misses you.
The four-headed hydra bites you but does no damage.
The four-headed hydra bites you!
You die...

#....# ##### #### #....# ....#
#### #..####....# ....#
#..######.........##
....######.........>.......#
...........................######
.)..............................#
####.............D..#######.....#
...#............@.###.....'.....#
...#....######....#.......#..)..#
...'....#....#...##.......#.....#
####....#....'...#........#.....#
........#....#...#........#.....#
........#....#...#........#.....#
####....#....#...#........#.....#
...#....######...##########.....#
...#............................#


You could see a four-headed hydra.

Vanquished Creatures
  A two-headed ogre (D:10)
  A gargoyle (D:10)
  A hornet (D:9)
  2 hippogriffs
  A spriggan (D:8)
  A wyvern (D:11)
  14 yaks
  A hungry ghost (D:11)
  2 ice beasts (D:10)
  7 sky beasts
  2 orc warriors
  A necrophage (D:8)
  7 ogres
  A black bear (D:8)
  A centaur (D:6)
  A phantom (D:5)
  A crocodile (D:7)
  4 bullfrogs
  A wyvern zombie (D:6)
  2 scorpions
  A water moccasin skeleton (D:5)
  3 killer bees (D:7)
  6 howler monkeys
  3 centaur zombies
  4 crimson imps
  A bullfrog zombie (D:7)
  3 hounds
  2 centaur skeletons
  2 orc priests (D:11)
  4 orc wizards
  A bullfrog skeleton (D:5)
  12 worker ants
  3 iguanas (D:10)
  12 adders
  A howler monkey skeleton (D:4)
  2 shadow imps
  An ooze (D:4)
  An adder zombie (D:5)
  3 adder skeletons
  6 worms
  4 dart slugs
  4 leopard geckos
  20 orcs
  A ball python (D:1)
  5 bats
  6 giant cockroaches
  4 goblins
  11 hobgoblins
  9 jackals
  5 quokkas
  7 frilled lizards
  9 kobolds
  A quokka skeleton (D:6)
  A quokka zombie (D:5)
  5 rats
215 creatures vanquished.

Notes
Turn   | Place    | Note
-------+----------+-------------------------------------------
     0 | D:1      | HAL9000 the Vine Stalker Assassin began the quest for the
                  | Orb.
     0 | D:1      | Reached XP level 1. HP: 11/11 MP: 2/2
    73 | D:1      | Reached skill level 2 in Short Blades
   140 | D:1      | Found a sparkling altar of Nemelex Xobeh.
   209 | D:1      | Reached XP level 2. HP: 15/15 MP: 3/3
   592 | D:2      | Reached skill level 3 in Short Blades
   592 | D:2      | Reached XP level 3. HP: 18/18 MP: 4/4
  1181 | D:2      | Found a blossoming altar of Fedhas.
  1455 | D:2      | Gained mutation: Your natural rate of healing is unusually
                  | fast. [Vine Stalker growth]
  1455 | D:2      | Reached XP level 4. HP: 16/23 MP: 3/5
  1514 | D:2      | Found a glowing golden altar of the Shining One.
  1949 | D:3      | Reached skill level 4 in Short Blades
  2007 | D:3      | Reached skill level 1 in Shields
  2501 | D:4      | Reached XP level 5. HP: 26/26 MP: 6/6
  2853 | D:4      | You fall into a shaft and drop 2 floors!
  2853 | D:6      | Found Jyepaq's Food Boutique.
  2864 | D:6      | Found a snail-covered altar of Cheibriados.
  2938 | D:6      | Reached skill level 5 in Short Blades
  2938 | D:6      | Reached XP level 6. HP: 25/30 MP: 7/7
  3009 | D:6      | Found Bocaudin's Gadget Boutique.
  3024 | D:6      | Found a large runed translucent door.
  3025 | D:6      | Found a large runed translucent door.
  3028 | D:6      | Noticed anet's ghost (novice DEWz)
  3077 | D:6      | Found Icsoemn's Gadget Emporium.
  3092 | D:6      | Noticed a sky beast
  3095 | D:6      | Killed a sky beast
  3095 | D:6      | Reached skill level 6 in Short Blades
  3095 | D:6      | Reached XP level 7. HP: 34/34 MP: 8/8
  3176 | D:5      | Entered Level 5 of the Dungeon
  3646 | D:4      | Found a sparkling altar of Nemelex Xobeh.
  3728 | D:5      | Reached skill level 7 in Short Blades
  3733 | D:5      | Found a burning altar of Makhleb.
  3791 | D:5      | Identified Ruliomily's Catalogue of the Cloudy Voyage
  3797 | D:5      | Gained mutation: You have razor-sharp teeth. [Vine Stalker
                  | growth]
  3797 | D:5      | Reached XP level 8. HP: 38/38 MP: 9/9
  3870 | D:5      | Found Ofirpheh's Antique Armour Shoppe.
  3924 | D:5      | Found a basalt altar of Yredelemnul.
  4237 | D:5      | Found a hazy altar of Hepliaklqana.
  4594 | D:5      | Reached skill level 8 in Short Blades
  4648 | D:5      | Found a staircase to the Ecumenical Temple.
  4726 | Temple   | Entered the Ecumenical Temple
  5083 | D:6      | Noticed a +0 dagger
  5084 | D:6      | Noticed a +0 dagger
  5179 | D:6      | Found Yppug's Antique Weapon Emporium.
  5239 | D:6      | Found a hide-covered altar of Uskayaw.
  5252 | D:6      | Became a worshipper of Uskayaw the Reveler
  5323 | D:6      | Reached * piety under Uskayaw
  5345 | D:6      | Found Fuqufitt's Assorted Antiques.
  5532 | D:7      | Got an encrusted hunting sling
  5582 | D:7      | Identified the +2 hunting sling "Wohutwu" {speed, rPois
                  | Int+7} (You found it on level 7 of the Dungeon)
  5615 | D:6      | Reached ** piety under Uskayaw
  5623 | D:6      | Reached *** piety under Uskayaw
  5624 | D:6      | Reached skill level 9 in Short Blades
  5928 | D:7      | Reached XP level 9. HP: 42/42 MP: 10/10
  6169 | D:7      | Reached **** piety under Uskayaw
  6308 | D:7      | Reached skill level 10 in Short Blades
  6456 | D:6      | Bought a faintly glowing rapier for 288 gold pieces
  6456 | D:6      | Identified the +5 rapier "Raepuit" {pain, rElec rF- Dex+3}
                  | (You bought it in a shop on level 6 of the Dungeon)
  6633 | D:8      | Found a sacrificial altar of Ru.
  6913 | D:8      | Reached skill level 11 in Short Blades
  7129 | D:8      | Found a shadowy altar of Dithmenos.
  7226 | D:8      | Reached XP level 10. HP: 28/46 MP: 11/11
  7319 | D:9      | Found an iron altar of Okawaru.
  7414 | D:9      | Reached skill level 12 in Short Blades
  7597 | D:9      | Reached ***** piety under Uskayaw
  7808 | D:10     | Entered Level 10 of the Dungeon
  7971 | D:10     | Found Mish's Mayhem Merchandise.
  8020 | D:10     | Noticed a gargoyle
  8028 | D:10     | Killed a gargoyle
  8028 | D:10     | Reached skill level 13 in Short Blades
  8222 | D:10     | Noticed a two-headed ogre
  8234 | D:10     | Killed a two-headed ogre
  8246 | D:10     | Reached XP level 11. HP: 19/50 MP: 7/12
  8450 | D:10     | Reached skill level 14 in Short Blades
  8683 | D:11     | Reached skill level 5 in Stealth
  8724 | D:11     | Reached skill level 1 in Invocations
  8893 | D:11     | Noticed a four-headed hydra
  8898 | D:11     | Noticed a two-headed ogre
  8924 | D:10     | Slain by a four-headed hydra

Levels and vault maps discovered:
D:1:      wander_arrival_desolate, layout_basic,
          nemelex_xobeh_ov_fountains_minmay
D:2:      layout_loops_ring, tso_oasis_becter, nicolae_overflow_crystal_walls
D:3:      layout_loops_ring
D:4:      layout_basic, nicolae_overflow_hidden_temple, first_ration,
          serial_forest, infiniplex_forest_lined_room_,
          infiniplex_forest_lined_2, infiniplex_forest_lined_2,
          infiniplex_forest_clump_tiny, infiniplex_forest_clump_double
D:5:      layout_gridville, makhleb_grotto_becter, kennysheep_little_box,
          temple_hall, serial_shops, nicolae_shop_stone,
          chequers_serial_rivers_small_a, st_stairs_3, yredelemnul_altar_generic
D:6:      layout_loops_ring, cheibriados_altar_1, dancing_weapons_uskayaw,
          serial_shops, nicolae_shop_behind_doors, shop, shop, shop, shop,
          ebering_ghost_disaster_area, corexii_item_surrounded_by_moat
D:7:      layout_basic, st_stairs_3
D:8:      layout_basic, lemuel_crystal_altar, lemuel_coloured_pillars_altar,
          the_bakery
D:9:      layout_cave_pools, okawaru_gym_becter
D:10:     layout_irregular_city, minmay_shop_mayhem, minmay_splitting_lines
D:11:     layout_rooms, david_lair_generic,
          kennysheep_orc_monster_closet_entryway, basic_altar
Temple:   minmay_temple_bridge_abc

Skill      XL: |  1  2  3  4  5  6  7  8  9 10 11 |
---------------+----------------------------------+-----
Short Blades   | 2 3 4 5 6 7 9 11 13 14 | 14.1
Shields        | 1 2 3 4 |  4.2
Stealth        | 6 |  6.0
Invocations    | 2 |  2.6
Fighting       | |  1.7
Throwing       | |  1.7
Dodging        | |  0.7

Action                   |  1- 3 |  4- 6 |  7- 9 | 10-12 || total
-------------------------+-------+-------+-------+-------++-------
Melee: Dagger            |    67 |   159 |   310 |       ||   536
       Bite              |    17 |    36 |   122 |    70 ||   245
       Rapier            |       |       |    97 |   204 ||   301
Throw: Dart              |    17 |    13 |    17 |     1 ||    48
Invok: Line Pass         |       |       |     1 |     1 ||     2
       Stomp             |       |       |       |     1 ||     1
  Use: Scroll            |       |       |     1 |       ||     1
 Stab: Sleeping          |    12 |    17 |    13 |     3 ||    45
       Distracted        |       |     1 |     2 |     1 ||     4
       Paralysed         |       |       |     5 |    10 ||    15
       Confused          |       |       |       |     1 ||     1
  Eat: Chunk             |     1 |     6 |     7 |     7 ||    21
       Ration            |       |       |     2 |       ||     2
Armor: Robe              |     6 |    24 |    40 |       ||    70
       Leather armour    |       |       |    46 |    26 ||    72
Dodge: Dodged            |    22 |    47 |   126 |    38 ||   233
Block: Buckler           |       |    15 |   100 |    48 ||   163
       Reflection        |       |       |       |     1 ||     1

Table legend:
 A = Non-vault XP
 B = Vault XP
 C = Vault XP percentage of total XP
 D = Non-vault monster count
 E = Vault monster count
 F = Vault count percentage of total count
                 A         B        C        D         E       F
            +---------+---------+-------+---------+---------+-------
      Total |   11216 |     459 |   3.9 |     209 |       6 |   2.8
            +---------+---------+-------+---------+---------+-------
        D:1 |      27 |       0 |   0.0 |      15 |       0 |   0.0
        D:2 |      79 |       0 |   0.0 |      24 |       0 |   0.0
        D:3 |      57 |       0 |   0.0 |      23 |       0 |   0.0
        D:4 |     190 |       0 |   0.0 |      16 |       0 |   0.0
        D:5 |    1035 |      13 |   1.2 |      24 |       2 |   7.7
        D:6 |     794 |       0 |   0.0 |      14 |       0 |   0.0
        D:7 |     869 |      39 |   4.3 |      17 |       2 |  10.5
        D:8 |    1390 |     211 |  13.2 |      22 |       1 |   4.3
        D:9 |    1348 |       0 |   0.0 |      12 |       0 |   0.0
       D:10 |    3930 |       0 |   0.0 |      20 |       0 |   0.0
       D:11 |    1497 |     196 |  11.6 |      22 |       1 |   4.3
            +---------+---------+-------+---------+---------+-------
